[Event "TN Honra 2025-26"]
[Site "Pombal POR"]
[Date "2025.12.19"]
[Round "4.5"]
[White "Santos, Antonio P"]
[Black "Farias, David Nuno M E"]
[Result "0-1"]
[WhiteElo "2147"]
[WhiteTitle "FM"]
[WhiteFideId "1900161"]
[BlackElo "2252"]
[BlackTitle "NM"]
[BlackFideId "1955004"]
[TimeControl "90+30"]
[ECO "D87"]

1. d4 Nf6 2. c4 g6 3. Nc3 d5 4. cxd5 Nxd5 5. e4 Nxc3 6. bxc3 Bg7 7. Bc4 c5 8. Ne2 O-O 9. O-O Nc6 10. Be3 Qc7 11. Rc1 Rd8 12. h3 a6 13. f4 e6 14. Qd2 b5 15. Bd3 c4 16. Bc2 Ne7 17. g4 f5 18. Ng3 Rb8 19. a3 a5 20. Rb1 Qd6 21. Kh2 Kh8?! 22. gxf5?! exf5 23. exf5 Nxf5 24. Bxf5 Bxf5 25. Nxf5 gxf5 26. Rg1 Bf6 27. Rg2?! a4 28. Rbg1 Qd5?! 29. Rg3 Rg8 30. Rxg8+ Rxg8 31. Rxg8+ Kxg8 32. Qg2+ Qxg2+ 33. Kxg2 Kf7 34. Kf3 Ke6 35. Bc1 Kd5 36. Bb2?! Bh4?! 37. Ke3 Bg3 38. Bc1 Be1 39. Bb2 Bg3 40. Bc1 Bh2 41. Kf3 Bg1 42. Be3 Bxe3 43. Kxe3 h6 44. h4 h5 45. Kf3?? b4 46. cxb4 Kxd4 47. Ke2 Ke4 48. Kd2 Kxf4 49. Kc3 Ke4 50. b5 Kd5 51. Kb4?! c3 52. Kxc3 Kc5 53. b6 Kxb6 54. Kc4 Kc6 55. Kd4 Kd6 0-1

[Event "TN Honra 2025-26"]
[Site "Pombal POR"]
[Date "2025.12.15"]
[Round "5.1"]
[White "Farias, David Nuno M E"]
[Black "Faryma, Matviy"]
[Result "1-0"]
[WhiteElo "2252"]
[WhiteTitle "NM"]
[WhiteFideId "1955004"]
[BlackElo "2271"]
[BlackTitle "NM"]
[BlackFideId "1961578"]
[TimeControl "90+30"]
[ECO "A10"]

1. c4 b6 2. Nf3 Bb7 3. Nc3 Nf6 4. g3 e5 5. Bg2 Bb4 6. d3 O-O 7. e4 Bxc3+ 8. bxc3 d6 9. O-O Nbd7 10. Nh4 Nc5 11. Bg5 Ne6 12. Be3 Bc8 13. f4?! Rb8?! 14. Nf5 Nc5 15. g4 Ne6 16. fxe5 dxe5 17. g5 Nd7 18. Qg4 Nf4?! 19. Bxf4 exf4 20. d4 Ba6 21. Rxf4 Bxc4 22. Ne3 b5 23. Nxc4 bxc4 24. Bh3?! Nb6 25. Raf1 Na4?! 26. e5 Nxc3 27. e6 Rb5?? 28. Qf3 Rxg5+ 29. Kh1 Qd5?! 30. e7 Re8?! 31. Rxf7 Rg1+? 32. Kxg1 Qxd4+ 33. Kh1 1-0

[Event "TN Honra 2025-26"]
[Site "Pombal POR"]
[Date "2025.12.20"]
[Round "5.2"]
[White "Fidalgo, Andre Neves"]
[Black "Santos, Antonio P"]
[Result "1/2-1/2"]
[WhiteElo "2228"]
[WhiteTitle "NM"]
[WhiteFideId "1933620"]
[BlackElo "2147"]
[BlackTitle "FM"]
[BlackFideId "1900161"]
[TimeControl "90+30"]
[ECO "A29"]

1. c4 e5 2. Nc3 Nf6 3. Nf3 Nc6 4. g3 Bb4 5. Nd5 O-O 6. Bg2 Re8 7. Nxb4 Nxb4 8. a3 Nc6 9. O-O?! a5?! 10. b3 e4 11. Ne1 d5 12. cxd5 Nxd5 13. Bb2 Bf5 14. Nc2 Qd7 15. Ne3 Nxe3 16. dxe3 Rad8 17. Qxd7 Rxd7 18. Bc3 f6 19. Rfd1 Rxd1+ 20. Rxd1 Kf7 21. h3 h5 22. Rd5 g6 23. Rc5 Re6 24. b4 axb4 25. axb4 Re7 26. f3 exf3 27. exf3 Na7 28. Bb2 c6 29. g4 hxg4 30. hxg4 Bd3 31. Kf2 Rd7 32. Kg3 Nb5 33. e4 Nd4 34. Kf2 Bb5 35. Rc3?! Ne2 36. Rc2 Nf4 37. Bc3 g5?! 38. Rd2 Rxd2+ 39. Bxd2 Ke6 40. Bf1 Bxf1 41. Bxf4 gxf4 42. Kxf1 Ke5 43. Ke2 Kd4 44. Kd2 b6 45. Ke2 Kc4 46. Kd2 Kd4 47. Ke2 Kc4 48. Kd2 1/2-1/2

[Event "TN Honra 2025-26"]
[Site "Pombal POR"]
[Date "2025.12.20"]
[Round "5.3"]
[White "Goncalves, Lucas Jordao"]
[Black "Goncalves, Samuel Jesus P"]
[Result "0-1"]
[WhiteElo "2138"]
[WhiteFideId "1945360"]
[BlackElo "2220"]
[BlackTitle "FM"]
[BlackFideId "1945130"]
[TimeControl "90+30"]
[ECO "B28"]

1. e4 c5 2. Nf3 a6 3. c3 d5 4. exd5 Qxd5 5. d4 e6 6. Be2 cxd4 7. cxd4 Nc6 8. Nc3 Qd6 9. O-O Nf6 10. Bc4 b5 11. Bb3 Na5 12. Bg5 Be7 13. Bc2 Bb7 14. Re1 Nc4 15. b3 Nb6 16. Ne4 Nxe4 17. Bxe4 Bxe4 18. Rxe4 Bxg5 19. Nxg5 O-O?! 20. Qh5?! h6 21. Nf3 Nd7 22. Qh4 Nf6 23. Re5 Rac8 24. Rae1 Rc2 25. g4 Rc3 26. R5e3 Rxe3 27. fxe3 Qd5 28. Rf1?! Qe4 29. Kg2? Nxg4 30. Kg3 f5 31. Qe7 Nxe3 0-1

[Event "TN Honra 2025-26"]
[Site "Pombal POR"]
[Date "2025.12.20"]
[Round "5.4"]
[White "Ribeiro, Gustavo"]
[Black "Veiga, Jose Francisco R P Neves"]
[Result "0-1"]
[WhiteElo "2265"]
[WhiteTitle "FM"]
[WhiteFideId "1941852"]
[BlackElo "2382"]
[BlackTitle "IM"]
[BlackFideId "1930087"]
[TimeControl "90+30"]
[ECO "C47"]

1. e4 e5 2. Nf3 Nc6 3. Nc3 Nf6 4. h3 Bb4 5. Bd3 O-O 6. O-O Re8 7. Nd5 Bc5?! 8. c3 Nxd5 9. exd5 e4 10. Bxe4 Rxe4 11. d3 Re8 12. dxc6 dxc6 13. Bf4 Bf5 14. d4 Bd6 15. Qc1 Be4 16. Bxd6 Qxd6 17. Nd2 Bd5 18. c4 Be4 19. Qc3 Rad8 20. Rfe1 Bg6 21. Nb3 b6 22. Rxe8+ Rxe8 23. Re1 Rd8 24. Qf3 f6 25. Rc1 Bf7 26. Qc3 Qd7 27. Rd1 a5 28. Na1 Qe6 29. b3 Qe2 30. Rd2 Qe1+ 31. Kh2 Bg6 32. Nc2 Qc1 33. d5 h5 34. h4? Kh7 35. Kg3?! cxd5 36. cxd5 Re8 37. f3?! Re5?! 38. Kh2? Re1 39. Kg3 Rh1 40. Re2 Qg1 41. Qc4?! b5 42. Qc3 Qh2+ 43. Kf2 Qxh4+ 44. Ke3 Qg5+ 45. Kf2 h4 46. Qxc7?! Qc1 0-1

[Event "TN Honra 2025-26"]
[Site "Pombal POR"]
[Date "2025.12.20"]
[Round "5.5"]
[White "Ferreira, Luis Pedro"]
[Black "Ribeiro, Rodrigo"]
[Result "1-0"]
[WhiteElo "2225"]
[WhiteTitle "NM"]
[WhiteFideId "1925393"]
[BlackElo "2144"]
[BlackTitle "FM"]
[BlackFideId "1938398"]
[TimeControl "90+30"]
[ECO "B41"]

1. e4 c5 2. Nf3 e6 3. d4 cxd4 4. Nxd4 a6 5. c4 Nf6 6. Nc3 Bb4 7. Qd3 d5 8. exd5 exd5 9. Be2 Nc6 10. Nxc6 bxc6 11. O-O Be6 12. Rd1 O-O 13. cxd5 Nxd5 14. Ne4 Be7 15. Qf3 a5 16. Be3 Qb8 17. Bd4 Qf4 18. Rac1 Rfc8 19. Nc5 Bf5 20. Qxf4 Nxf4 21. Bf3 Nd5 22. g4 Bxc5 23. Rxc5 Bd7 24. Be5 Re8 25. Bg3 a4 26. Kg2 Ra6 27. Rd2 h6 28. h3 Re1?! 29. Be2 Ra8 30. f3 a3?? 31. Bxe1 1-0

[Event "TN Honra 2025-26"]
[Site "Pombal POR"]
[Date "2025.12.15"]
[Round "6.1"]
[White "Faryma, Matviy"]
[Black "Ribeiro, Rodrigo"]
[Result "1-0"]
[WhiteElo "2271"]
[WhiteTitle "NM"]
[WhiteFideId "1961578"]
[BlackElo "2144"]
[BlackTitle "FM"]
[BlackFideId "1938398"]
[TimeControl "90+30"]
[ECO "B41"]

1. e4 c5 2. Nf3 e6 3. d4 cxd4 4. Nxd4 a6 5. h3 b5 6. Bd3 Bb7 7. O-O Qc7 8. a4 b4 9. Nd2 Bc5 10. N2b3 Be7 11. f4?! Nc6 12. Qe2 Nxd4 13. Nxd4 Bc5 14. c3 Ne7 15. Kh1 bxc3 16. bxc3 O-O 17. f5 exf5 18. Nxf5 Nxf5 19. Rxf5 Rae8 20. Bd2 Ba7 21. Raf1 d5?! 22. Bf4 Qd7?! 23. Qg4?! dxe4?? 24. Bh6 f6? 25. Bc4+ Kh8?! 26. Rxf6 1-0

[Event "TN Honra 2025-26"]
[Site "Pombal POR"]
[Date "2025.12.21"]
[Round "6.2"]
[White "Veiga, Jose Francisco R P Neves"]
[Black "Ferreira, Luis Pedro"]
[Result "1-0"]
[WhiteElo "2382"]
[WhiteTitle "IM"]
[WhiteFideId "1930087"]
[BlackElo "2225"]
[BlackTitle "NM"]
[BlackFideId "1925393"]
[TimeControl "90+30"]
[ECO "A22"]

1. c4 Nf6 2. Nc3 e5 3. g3 Bb4 4. Bg2 O-O 5. e4 c6 6. Nge2 d5 7. cxd5 cxd5 8. exd5 Bf5 9. a3 Bd6 10. d3 Nbd7 11. Ne4 Nb6 12. Nxf6+ Qxf6 13. Nc3 Rac8 14. O-O Qg6 15. Be4 Bxe4 16. dxe4 Rxc3? 17. bxc3 Qxe4 18. Re1 Qc4 19. Rb1?! f5 20. Qb3 Qg4 21. Be3 Nc4? 22. f3 Qxf3 23. Qxc4 f4 24. Bf2 fxg3 25. Bxg3 e4?! 26. Rf1 Qe3+ 27. Kh1 Bxg3?? 28. d6+ 1-0

[Event "TN Honra 2025-26"]
[Site "Pombal POR"]
[Date "2025.12.21"]
[Round "6.3"]
[White "Goncalves, Samuel Jesus P"]
[Black "Ribeiro, Gustavo"]
[Result "1-0"]
[WhiteElo "2220"]
[WhiteTitle "FM"]
[WhiteFideId "1945130"]
[BlackElo "2265"]
[BlackTitle "FM"]
[BlackFideId "1941852"]
[TimeControl "90+30"]
[ECO "C42"]

1. e4 e5 2. Nf3 Nf6 3. Nxe5 d6 4. Nf3 Nxe4 5. d3 Nf6 6. d4 d5 7. Bd3 Bd6 8. Qe2+ Qe7 9. Qxe7+ Kxe7 10. O-O Re8 11. Re1+ Kf8 12. Rxe8+ Kxe8 13. Nc3 c6 14. Bd2 Na6 15. Re1+ Kf8 16. a3 Nc7 17. Bg5 Ne6 18. Bxf6 gxf6 19. Bxh7 Ng5 20. Nxg5 fxg5 21. Ne2 Kg7 22. Bd3 Be6 23. Ng3 Rh8 24. h3 Kf6 25. Be2 Rh4 26. c3 a5 27. Nf1 c5 28. Rd1 cxd4 29. cxd4 g4?? 30. Bxg4 Bxg4 31. hxg4 Rxg4 32. Ne3 Rg5 33. g3 Ke6 34. Kg2 Bc7 35. Re1 Kd7 36. Kf3 Bb6 37. Rd1 Kc6 38. g4 Rg8 39. Nf5 Kb5 40. Re1 Bd8?! 41. Re5 Kc4 42. Ne3+ Kb3 43. Rxd5 Kxb2?! 44. Nc4+ Ka2 45. Nxa5 b6 46. Nc4 Rh8 47. a4 Bc7 48. Rb5 Rh6 49. g5 Rh4 50. Rd5 Rf4+ 51. Ke2 Rg4 52. Rd7 Bf4 53. Nxb6 Rxg5 54. Nd5 Bb8 55. Nc3+ Ka3 56. Rb7?! Bh2? 57. Kd3 1-0

[Event "TN Honra 2025-26"]
[Site "Pombal POR"]
[Date "2025.12.21"]
[Round "6.4"]
[White "Santos, Antonio P"]
[Black "Goncalves, Lucas Jordao"]
[Result "1-0"]
[WhiteElo "2147"]
[WhiteTitle "FM"]
[WhiteFideId "1900161"]
[BlackElo "2138"]
[BlackFideId "1945360"]
[TimeControl "90+30"]
[ECO "D58"]

1. d4 d5 2. c4 e6 3. Nc3 Nf6 4. Bg5 Be7 5. e3 h6 6. Bh4 O-O 7. Nf3 b6 8. Bd3 Bb7 9. O-O Nbd7 10. Qe2 c5 11. Rfd1 Ne4 12. Bxe7 Nxc3 13. bxc3 Qxe7 14. cxd5 exd5 15. Rac1 c4 16. Bb1 b5 17. Qc2 g6 18. h4 h5 19. Re1 a5 20. Ng5 Nf6 21. f3 Nh7 22. f4?! Nf6? 23. f5 Ne4 24. Nxe4 dxe4 25. Qf2 Ra6 26. Rf1 Rf6 27. Qg3 Qd7 28. fxg6 Rxg6 29. Qh2 f5 30. Rf2 Qd6 31. Rcf1 Qxh2+ 32. Kxh2 Rgf6 33. a3 R8f7 34. Ba2 Bd5 35. Rb1 f4 36. Rxf4 Rxf4 37. exf4 Rxf4?? 38. Rxb5 Rxh4+?! 39. Kg1 Bf7?! 40. Rg5+ Kh7 41. g3 Rg4 42. Rxg4 hxg4 43. Bb1 Bd5 44. Bc2 Bc6 45. Bd1 Bd7 46. Be2 Be6 47. Kf2 Kg6 48. d5 Bxd5 49. Bxg4 Kf6 50. Ke3 Ke5 51. Bd7 Bf7 52. Bc6 Bg6 53. g4 Bh7 54. Be8 Bg8 55. Bg6 Bd5 56. Bh7 Be6 57. g5 Bd5 58. g6 Kf6 59. g7 Kxg7 60. Bxe4 Bf7 61. Kd4 Kf6 62. Bd5 Be8 63. Bxc4 Ba4 64. Kc5 Bc2 65. Kb5 a4 66. Kc5 Ke5 67. Bb5 Bd1 68. Bc6 Bc2 69. Kb4 1-0

[Event "TN Honra 2025-26"]
[Site "Pombal POR"]
[Date "2025.12.21"]
[Round "6.5"]
[White "Farias, David Nuno M E"]
[Black "Fidalgo, Andre Neves"]
[Result "1-0"]
[WhiteElo "2252"]
[WhiteTitle "NM"]
[WhiteFideId "1955004"]
[BlackElo "2228"]
[BlackTitle "NM"]
[BlackFideId "1933620"]
[TimeControl "90+30"]
[ECO "B51"]

1. e4 c5 2. Nf3 d6 3. Bb5+ Nd7 4. O-O Nf6 5. Re1 g6 6. c3 Bg7 7. d4 O-O 8. a4 e5 9. dxe5 Nxe5 10. Nxe5 dxe5 11. Qe2 Be6 12. Na3 Qe7 13. f3?! h6 14. Be3 Rfd8 15. Qf2 Rac8 16. a5 Qc7 17. Bf1 Bf8 18. Nc4?! b5 19. axb6 axb6 20. Na3 Ra8 21. Nb5 Qc6 22. c4 Ne8 23. Nc3 Nd6 24. Nd5 Bxd5 25. exd5 Qd7 26. Rxa8 Rxa8 27. Bd2 Nf5 28. Bc3 Nd4 29. Rxe5 Bd6 30. Re3 Ra1 31. Re1?! Rxe1 32. Qxe1 Qd8 33. Qe3 Qh4 34. g3 Qh5 35. Kg2 Be5? 36. Bd3 Kg7 37. Be4? Kf8?! 38. Bd3 Kg7 39. h3?! Bf6?! 40. Qf4 Qe5 41. Qxe5 Bxe5 42. f4 Bd6 43. Kf2 g5?! 44. Ke3 f6 45. b4 Kf7?? 46. bxc5 bxc5 47. fxg5 hxg5 48. Kf2? Be5 49. Ba5 Bd6 50. Bd2 Be5 51. Be3 Kg7 52. Kg2 Kf7 53. Bb1 Kg7 54. g4?? Kf7?! 55. Be4?! Ke7?! 56. Bf2 Kd6 57. Be1?! Kd7?! 58. Bf2 Kd6 59. Be3? Kd7? 60. Bf3 Ke7?? 61. Bd1 Kd6 62. Kf2 Ke7?! 63. Ke1 Kd6 64. Kd2 Ke7 65. Kd3 Kd6 66. Ke4 Ke7? 67. Bxg5 1-0

[Event "TN Honra 2025-26"]
[Site "Pombal POR"]
[Date "2025.12.15"]
[Round "7.1"]
[White "Fidalgo, Andre Neves"]
[Black "Faryma, Matviy"]
[Result "0-1"]
[WhiteElo "2228"]
[WhiteTitle "NM"]
[WhiteFideId "1933620"]
[BlackElo "2271"]
[BlackTitle "NM"]
[BlackFideId "1961578"]
[TimeControl "90+30"]
[ECO "A10"]

1. c4 b6 2. Nc3 Bb7 3. e4 c5 4. g3 Nc6 5. Bg2 g6 6. Nge2 Bg7 7. d3 d6 8. O-O e6 9. Be3 Nd4?! 10. Bxd4?! cxd4 11. Qa4+ Ke7 12. Nb5 e5 13. f4 a6 14. Na3 f6 15. Rac1 Nh6 16. Bh3 Rf8 17. c5 dxc5 18. b4 f5?? 19. bxc5 b5 20. Qb4 Bc6?! 21. fxe5 Bxe5 22. Nc2 a5 23. Nexd4 Bxe4?! 24. Qb2 Bxd4+ 25. Nxd4 Bd5 26. Nxb5 Kf7 27. c6 Qb6+ 28. d4 Kg8 29. c7 Rac8 30. Rc5 Be4 31. Re1 Nf7?! 32. Qd2? h6?! 33. Rxe4 Ng5 34. Re3 Nxh3+ 35. Kg2 Ng5 36. Re7 Qf6?! 37. Qe3 Ne4 38. Rce5 Qc6 39. Qxh6 Rf7 40. Kg1 f4 41. Rxe4?? Rxe7 42. Rxe7 Qc1+ 43. Re1 Qxe1+ 44. Kg2 Qe4+ 45. Kh3 f3 46. Qf4 Qd5 47. Qg4?? Kg7 48. Qh4 Qd7+?? 49. g4 Rh8 50. Qxh8+ Kxh8 51. Kg3 Kg7 52. d5?! Kf6?? 53. h3?? Ke5 54. d6?! Ke4 55. Kf2?? Qxb5 56. c8=Q Qe2+ 57. Kg3 Qe1+ 0-1

[Event "TN Honra 2025-26"]
[Site "Pombal POR"]
[Date "2025.12.21"]
[Round "7.2"]
[White "Goncalves, Lucas Jordao"]
[Black "Farias, David Nuno M E"]
[Result "1/2-1/2"]
[WhiteElo "2138"]
[WhiteFideId "1945360"]
[BlackElo "2252"]
[BlackTitle "NM"]
[BlackFideId "1955004"]
[TimeControl "90+30"]
[ECO "B22"]

1. e4 c5 2. c3 d5 3. exd5 Qxd5 4. Nf3 Nc6 5. d4 Bg4 6. Be2 cxd4 7. cxd4 e6 8. Nc3 Qa5 9. Be3 Nf6 10. O-O Be7 11. h3 Bh5 12. Qb3 Qb4 13. Qxb4 Bxb4 14. a3 Bxc3 15. bxc3 O-O 16. c4 Rfd8 17. Rab1 b6 18. c5 bxc5 19. dxc5 Nd5 20. Ba6 Rab8 21. Nd4 Rxb1 22. Rxb1 Nxd4 23. Bxd4 Nc7 24. Bc4?! f6 25. Be3 Rd1+ 26. Rxd1 Bxd1 27. Bf4 Nd5 28. Bb8 a5 29. Ba7 Kf7 30. Bb6 a4 31. Kf1 Bb3 32. Bb5 Nc3 33. Bd3 Bd5 34. f3 Bc6 35. Ke1 Nb5 36. Bxb5 Bxb5 37. Kf2 e5 38. g3 Ke6 39. Ba5 Kd5 40. Ke3 Kxc5 41. f4 exf4+ 42. Kxf4 Bd7 43. h4 Kd5 44. Bb4 g6 45. g4 f5 46. gxf5 Bxf5 47. Kg5 1/2-1/2

[Event "TN Honra 2025-26"]
[Site "Pombal POR"]
[Date "2025.12.21"]
[Round "7.3"]
[White "Ribeiro, Gustavo"]
[Black "Santos, Antonio P"]
[Result "1/2-1/2"]
[WhiteElo "2265"]
[WhiteTitle "FM"]
[WhiteFideId "1941852"]
[BlackElo "2147"]
[BlackTitle "FM"]
[BlackFideId "1900161"]
[TimeControl "90+30"]
[ECO "B22"]

1. e4 c5 2. c3 e6 3. d4 d5 4. exd5 Qxd5 5. Nf3 Nf6 6. Be3 Nc6 7. Bd3 Be7 8. O-O cxd4 9. cxd4 O-O 10. Nc3 Qd8 11. Ne5 Nb4 12. Bb1 Bd7 13. Qf3 Nbd5 14. Bd2 Bc6 15. Nxc6 bxc6 16. Na4 Rb8 17. Rc1 Nb6 18. Nxb6 Qxb6 19. b3 Qxd4 20. Qe2 Nd5 21. Be4 Rfc8 22. Rab1 g6 23. Rc4 Qe5 24. Re1 Bg5 25. Bxg5 Qxg5 26. h4 Qf6 27. Rec1 Kg7 28. g3 h5 29. Qd2 Rd8 30. Qe1 Rb6 31. Rxc6 Rxc6 32. Rxc6 Rd7 33. Rc2 Qe5 34. Kf1 Nf6 35. Bg2 Qd4 36. Kg1 Qd3 37. Re2 Rd6 38. Bf1 Qd4 39. Qc1 Qb6 40. Qe3 Qc7 41. Qe5 Qd8 42. Re3 Rd5 43. Qc3 Qd6 44. Rd3 Rxd3 45. Qxd3 Qc5 46. Qc4 Qb6? 47. Qc3 Qd6 48. Qa5?! Qd4 49. Qe1 Ng4 50. Bg2 e5 51. Bf3 Nf6 52. a4 e4 53. Bg2 a5 54. Qxa5 Ng4 55. Qe1 e3 56. fxe3 Nxe3 57. Kh1 Nxg2 58. Kxg2 Qd5+ 59. Kf2 Qxb3 60. Qe5+ Kh7 61. a5 Qc2+ 62. Ke3 Qc1+ 63. Kd3 Qd1+ 64. Ke4 Qe2+ 65. Kd5 Qb5+ 66. Kd4 Qb2+ 67. Ke4 Qe2+ 68. Kf4 Qf2+ 69. Ke4 Qe2+ 1/2-1/2

[Event "TN Honra 2025-26"]
[Site "Pombal POR"]
[Date "2025.12.21"]
[Round "7.4"]
[White "Ferreira, Luis Pedro"]
[Black "Goncalves, Samuel Jesus P"]
[Result "1/2-1/2"]
[WhiteElo "2225"]
[WhiteTitle "NM"]
[WhiteFideId "1925393"]
[BlackElo "2220"]
[BlackTitle "FM"]
[BlackFideId "1945130"]
[TimeControl "90+30"]
[ECO "B13"]

1. e4 c6 2. d4 d5 3. exd5 cxd5 4. Bd3 Nc6 5. c3 Qc7 6. h3 e6 7. Nf3 Bd6 8. O-O Nge7 9. Re1 O-O 10. Qc2 h6 11. a4 f6 12. Na3 a6 13. c4 Nb4 14. Qe2 Nxd3 15. Qxd3 Bd7 16. c5 Bf4 17. Bxf4 Qxf4 18. Nb1 Nc6 19. a5 Rae8 20. Re3? Qc7?! 21. Qd2 Rf7 22. Nc3 Rfe7 23. Ne2 Nd8 24. Re1 Bc6 25. Ng3 g6 26. Nh4 Rg7 27. Rf3 Rf8 28. Qxh6?? Be8 29. Qe3 Rh7 30. Rf4 g5 31. Rg4 Rg7?? 32. Nf3 f5 33. Nxf5 Rxf5 34. Nxg5 Bf7 35. Nf3 Rxg4?! 36. hxg4 Rf4?? 37. Ne5 Re4 38. Qg5+ Kf8 39. Rxe4 dxe4 40. Qf6?? Ke8?? 41. Nc4?? Qe7 42. Nd6+ Kd7 43. Qf4 Bg6 44. g5?! Nc6 45. Nc4 e5?? 46. dxe5?? Qxc5 47. e6+ Ke8?? 48. Nd6+?? Ke7 49. Nxb7 Qe5 50. Qxe5 Nxe5 51. Nc5 Nc6 52. Nxa6 Nxa5 53. b4 Nc4 54. Nc5 e3 55. fxe3 Nxe3 56. Kf2 Nd5 57. b5 Be8 58. g6 Bxg6 59. Kf3 1/2-1/2

[Event "TN Honra 2025-26"]
[Site "Pombal POR"]
[Date "2025.12.21"]
[Round "7.5"]
[White "Ribeiro, Rodrigo"]
[Black "Veiga, Jose Francisco R P Neves"]
[Result "0-1"]
[WhiteElo "2144"]
[WhiteTitle "FM"]
[WhiteFideId "1938398"]
[BlackElo "2382"]
[BlackTitle "IM"]
[BlackFideId "1930087"]
[TimeControl "90+30"]
[ECO "E11"]

1. d4 Nf6 2. c4 e6 3. Nf3 Bb4+ 4. Bd2 Qe7 5. g3 O-O 6. Bg2 Bxd2+ 7. Nbxd2 d6 8. e4 e5 9. d5 a5 10. O-O Na6 11. Qc2 Bd7 12. Nh4 g6 13. Rae1?! Nh5 14. Bf3 Nf4 15. Qc3 Nc5 16. gxf4 Qxh4 17. fxe5 dxe5 18. Bg2 Rfe8 19. Qe3 Qe7 20. f4 f6 21. fxe5 fxe5 22. Rf3 Rf8 23. Ref1 b6 24. Qh6 Rxf3 25. Rxf3 a4 26. h4 Qg7 27. Qg5 h6 28. Qg3 g5 29. hxg5 hxg5 30. Rf2 g4 31. Bf1 Qg5 32. b4 axb3 33. axb3 Rf8 34. Rxf8+ Kxf8 35. b4 Qxd2 36. bxc5 Qd4+ 37. Qf2+?? Qxf2+ 38. Kxf2 bxc5 39. Kg3 Kg7 40. Be2?! Kf6?? 41. Bxg4 Ba4 42. Bc8 Kg5 43. Kf3 Bb3 44. Ba6 Bd1+ 45. Ke3?? Kg4 46. Kd2 Bf3 47. Ke3 Kg3 48. Bb5 Bd1 49. Kd2 Bg4 50. Ke3 Kg2 51. Ba4 Kf1 52. Bb3 Ke1 53. Ba4 Bh5 54. Bb5 Kd1 55. Ba4+ Kc1 56. Kd3 Kb2 57. Kd2 Ka3 58. Bb5 Kb3 59. Ba6 Bg4 60. Bb5 Bh3 61. Ke2 Kc3 62. Ba6 Kd4 0-1

[Event "TN Honra 2025-26"]
[Site "Pombal POR"]
[Date "2025.12.15"]
[Round "8.1"]
[White "Faryma, Matviy"]
[Black "Veiga, Jose Francisco R P Neves"]
[Result "0-1"]
[WhiteElo "2271"]
[WhiteTitle "NM"]
[WhiteFideId "1961578"]
[BlackElo "2382"]
[BlackTitle "IM"]
[BlackFideId "1930087"]
[TimeControl "90+30"]
[ECO "A01"]

1. b3 Nf6 2. Bb2 g6 3. c4 Bg7 4. g3 O-O 5. Bg2 c5 6. Nf3 d6 7. d4 d5 8. O-O Nc6 9. dxc5 dxc4 10. Qc1 cxb3 11. axb3 Be6 12. Nbd2 Qc7 13. Ra4 Rad8 14. Qa1 a6 15. Ne4?! Bxb3 16. Ra3 Bc4 17. Nxf6+ Bxf6 18. Bxf6 exf6 19. Qxf6 Bxe2 20. Rb1?! Rfe8 21. h4 Qe7 22. Qxe7 Rxe7 23. Ng5 Rde8 24. Bd5?! Bb5 25. Rf3 Ne5 26. Re3 Bc6?? 27. Rxe5?? Rxe5 28. Bxf7+ Kg7 29. Bxe8 Rxe8 30. f3 Re2? 31. Kf1 Rh2 32. Kg1?! Rd2 33. Re1?! h6 34. Ne4 Rc2 35. Nd6 Kf6 36. Rb1?! Rxc5 37. Rb6 Rb5 38. Nxb5 axb5 39. h5? gxh5 40. f4 Kf5 41. Kh2 Kg4 42. Kg1 h4 43. gxh4? Kxf4 44. Kf2 Ke5 0-1

[Event "TN Honra 2025-26"]
[Site "Pombal POR"]
[Date "2025.12.22"]
[Round "8.2"]
[White "Goncalves, Samuel Jesus P"]
[Black "Ribeiro, Rodrigo"]
[Result "1/2-1/2"]
[WhiteElo "2220"]
[WhiteTitle "FM"]
[WhiteFideId "1945130"]
[BlackElo "2144"]
[BlackTitle "FM"]
[BlackFideId "1938398"]
[TimeControl "90+30"]
[ECO "B42"]

1. e4 c5 2. Nf3 e6 3. d4 cxd4 4. Nxd4 a6 5. Bd3 Bc5 6. Nb3 Ba7 7. Qe2 Nc6 8. Be3 d6 9. c4 Nf6 10. Nc3 O-O 11. O-O Bxe3 12. Qxe3 b6 13. Rfd1 Qc7 14. Rac1 Ne5 15. Be2 Bb7 16. f3 Rfd8 17. Nd4 Rd7 18. b3 Qd8 19. Nc2 Rb8 20. Rd2 Qc7 21. Rcd1 Nc6 22. Bf1 Ne7 23. Nb4 Nc6 24. Nc2 h6 25. h3 Ba8 26. f4 Ne7 27. Nd4 Rbd8 28. Rd3 e5 29. Nde2 exf4 30. Nxf4 Qc5 31. Qxc5 dxc5?? 32. Nfd5?? Bxd5 33. exd5?! Nf5 34. a3 a5 35. Kf2 Nd6 1/2-1/2

[Event "TN Honra 2025-26"]
[Site "Pombal POR"]
[Date "2025.12.22"]
[Round "8.3"]
[White "Santos, Antonio P"]
[Black "Ferreira, Luis Pedro"]
[Result "1/2-1/2"]
[WhiteElo "2147"]
[WhiteTitle "FM"]
[WhiteFideId "1900161"]
[BlackElo "2225"]
[BlackTitle "NM"]
[BlackFideId "1925393"]
[TimeControl "90+30"]
[ECO "D55"]

1. d4 Nf6 2. c4 e6 3. Nf3 d5 4. Nc3 Be7 5. Bg5 O-O 6. e3 h6 7. Bh4 Nbd7 8. Qc2 a6 9. cxd5 exd5 10. Bd3 Re8 11. O-O c6 12. Bg3 Nf8 13. Ne5 Nh5 14. Ne2 Bd6 15. Nf3 Nxg3 16. Nxg3 g6 17. e4 dxe4 18. Nxe4 Bf5 19. Nc5?! Bxc5 20. Bxf5 Bxd4 21. Rad1 c5 22. Nxd4?! cxd4 23. Bg4 Qb6 24. Qd2 h5 25. Bf3 Rad8 26. Qg5? Ne6?! 27. Qg3?! Ng7?! 28. Rd2 Qb4 29. Qg5 Ne6 30. Qh6 Rd7?! 31. Rfd1 Qf8? 32. Qxf8+ Kxf8 33. g3 Red8 34. Be2 h4 35. Kg2 hxg3 36. hxg3 Ke7 37. Bc4 Kf6 38. Bxe6 fxe6 39. f4 d3 40. Kf3 Rd5? 41. Ke3 Kf5 42. Rxd3 Rxd3+ 43. Rxd3 Rxd3+ 44. Kxd3 Kg4 45. Ke4 Kxg3 46. Ke3 a5 47. a4 Kh4 48. Kd4 Kh3 49. Kd3 Kg2 50. Ke2 Kh2 51. Kd2 Kh3 52. Kd3 Kh4 53. Kd4 Kh5 54. Ke5 Kg4 55. Ke4 Kh3 56. Kd3 Kg4 57. Ke4 1/2-1/2

[Event "TN Honra 2025-26"]
[Site "Pombal POR"]
[Date "2025.12.22"]
[Round "8.4"]
[White "Farias, David Nuno M E"]
[Black "Ribeiro, Gustavo"]
[Result "1-0"]
[WhiteElo "2252"]
[WhiteTitle "NM"]
[WhiteFideId "1955004"]
[BlackElo "2265"]
[BlackTitle "FM"]
[BlackFideId "1941852"]
[TimeControl "90+30"]
[ECO "C10"]

1. e4 e6 2. d4 d5 3. Nd2 dxe4 4. Nxe4 Nd7 5. Nf3 Ngf6 6. Nxf6+ Nxf6 7. Be3 Bd6 8. Bd3 O-O 9. Qe2 Qe7?! 10. Ne5?! c5?! 11. Nc4?! cxd4 12. Bxd4 Bc5 13. Bxf6 gxf6?! 14. O-O-O Kh8? 15. Bxh7 f5? 16. Qh5 Kg7 17. Rd3 Bxf2 18. Rh3 Qf6 19. Rf1 Rh8 20. Rxf2 Bd7 21. g4?! Kf8 22. Ne3 Re8 23. a3 Qg7 24. Kb1 Re7 25. g5 Be8 26. Qh4 Rd7 27. Qb4+ Re7 28. Bxf5 Rxh3 29. Bxh3 Qxg5 30. Qf4?! Qxf4 31. Rxf4 f5 32. Bf1 Rg7 33. Kc1 Bd7 34. Rf2 Ke7 35. Kd2 Rh7 36. c4 Rh4 37. b4 Kf6 38. Bg2 Bc8 39. h3 e5 40. Nd5+ Kg5 41. c5 e4?! 42. Ke3 Rh8 43. Nf4 Rd8 44. Rf1 Kh4 45. Rc1 Rg8 46. c6 Rg3+ 47. Kd4 Rxa3 48. c7 Kg3 49. Ke5 a5 50. b5 Rb3 51. Bf1 e3 52. Bc4 Rb2 53. Rc3 a4 54. Rxe3+ Kh4? 55. Ng6+? 1-0

[Event "TN Honra 2025-26"]
[Site "Pombal POR"]
[Date "2025.12.22"]
[Round "8.5"]
[White "Fidalgo, Andre Neves"]
[Black "Goncalves, Lucas Jordao"]
[Result "1/2-1/2"]
[WhiteElo "2228"]
[WhiteTitle "NM"]
[WhiteFideId "1933620"]
[BlackElo "2138"]
[BlackFideId "1945360"]
[TimeControl "90+30"]
[ECO "A14"]

1. c4 e6 2. Nf3 d5 3. g3 Nf6 4. Bg2 Be7 5. O-O O-O 6. d4 b6 7. cxd5 exd5 8. Nc3 Bb7 9. Bf4 Nbd7 10. Rc1 c5 11. Ne5 cxd4 12. Qxd4 Bc5?! 13. Qa4 Nxe5 14. Bxe5 Re8 15. Bxf6 Qxf6 16. b4 Bd4?! 17. Nxd5 Qg5?! 18. Qd7 Ba6 19. Rc7 Rad8 20. Qxf7+ Kh8 21. Nf4 Bxe2 22. Nxe2 Rxe2 23. Rxa7 Qd2?? 24. Rd7? Rde8? 25. Bc6?? Rxf2 26. Qxg7+? Bxg7 27. Rxd2 Rxd2 28. Bxe8 Rxa2 1/2-1/2

[Event "TN Honra 2025-26"]
[Site "Pombal POR"]
[Date "2025.12.15"]
[Round "9.1"]
[White "Goncalves, Lucas Jordao"]
[Black "Faryma, Matviy"]
[Result "0-1"]
[WhiteElo "2138"]
[WhiteFideId "1945360"]
[BlackElo "2271"]
[BlackTitle "NM"]
[BlackFideId "1961578"]
[TimeControl "90+30"]
[ECO "C05"]

1. e4 e6 2. d4 d5 3. Nd2 Nf6 4. e5 Nfd7 5. c3 c5 6. f4 Nc6 7. Ndf3 Qb6 8. Ne2 Be7 9. g3 a5 10. Bg2 a4 11. O-O a3 12. b3 cxd4 13. Nexd4 Nc5 14. Be3 Qa6 15. b4 Qd3 16. Qxd3 Nxd3 17. Rfb1 Nb2 18. Bc1 Nc4?! 19. Nb5 O-O 20. Rb3 f6 21. exf6 Bxf6 22. Nd2?! Ne3?! 23. Bxa3? Bd7 24. Bb2 Nc4?! 25. Nxc4 dxc4 26. Ra3 Nxb4 27. Rxa8 Rxa8 28. Nd6 Nd3 29. Nxc4 Nxb2 30. Nxb2 Bxc3 31. Rd1 Bb5 32. a4 Be2 0-1